 Dungeon Crawl Stone Soup version 0.24-a0-586-g8e0e932a4c (webtiles) character file.

Game seed: 7247105252207735873, levelgen mode: deterministic

26740 MordorOrchid the Blocker (level 13, 0/104 HPs)
             Began as a Gnoll Fighter on Sept 8, 2019.
             Was the Champion of Uskayaw.
             Slain by an orc warrior
             ... wielding a +0 halberd
              (13 damage)
             ... on level 2 of the Orcish Mines.
             The game lasted 01:11:33 (10849 turns).

MordorOrchid the Blocker (Gnoll Fighter)           Turns: 10849, Time: 01:11:34

Health: 0/104      AC: 16    Str: 19    XL:     13   Next: 27%
Magic:  25/25      EV: 11    Int: 17    God:    Uskayaw [******]
Gold:   804        SH: 19    Dex: 16    Spells: 23/28 levels left

rFire    . . .     SeeInvis .   a - +3 war axe
rCold    + . .     Gourm    .   c - +3 shield
rNeg     . . .     Faith    .   G - +6 chain mail "Riodwa Afiu" {rElec rC+}
rPois    .         Spirit   .   (no helmet)
rElec    +         Reflect  +   N - +0 cloak
rCorr    +         Harm     .   (no gloves)
MR       .....                  M - +0 pair of boots
Stlth    +.........             g - +4 amulet of reflection
HPRegen  0.27/turn              x - ring of resist corrosion
MPRegen  0.19/turn              J - +3 ring of intelligence

@: corroded, lightly drained
A: distributed training, fangs 1, strong nose
a: Stomp, Line Pass, Grand Finale, Renounce Religion


You were on level 2 of the Orcish Mines.
You worshipped Uskayaw.
Uskayaw was aware of your devotion.
You were not hungry.

You visited 3 branches of the dungeon, and saw 15 of its levels.
You also visited: Sewer and Volcano.

You collected 908 gold pieces.
You spent 104 gold pieces at shops.

Inventory:

Hand Weapons
 a - a +3 war axe (weapon)
 d - a +2 flail of venom
 j - a +0 hunting sling
 q - a +0 broad axe
 y - a +1 dagger of venom
 A - a +0 falchion of holy wrath
 K - a +2 falchion of holy wrath
 R - a +3 hand axe
Missiles
 e - 34 poisoned darts
 m - 169 stones
 z - 97 bolts
 E - 46 sling bullets
 S - 12 boomerangs (quivered)
Armour
 b - a +0 scale mail
 c - a +3 shield (worn)
 u - a scarf of cloud immunity
 D - a +1 plate armour of positive energy
 F - the cursed +1 robe of Paig {+Fly Str-3 SInv, unknown}
   (You found it on level 5 of the Dungeon)

   It affects your strength (-3).
   It lets you see invisible.
   It lets you fly.
   It has a curse placed upon it.
 G - the +6 chain mail "Riodwa Afiu" (worn) {rElec rC+}
   (You found it on level 5 of the Dungeon)

   It protects you from cold.
   It insulates you from electricity.
 M - a +0 pair of boots (worn)
 N - a +0 cloak (worn)
Jewellery
 g - a +4 amulet of reflection (around neck)
 x - a ring of resist corrosion (left hand)
 J - a +3 ring of intelligence (right hand)
 Q - an uncursed amulet of magic regeneration {unknown}
Scrolls
 o - 2 scrolls of amnesia
 r - 5 scrolls of remove curse
 t - 3 scrolls of immolation
 C - a scroll of fog
 I - a scroll of silence
 L - a scroll of magic mapping
 T - 2 scrolls of noise
Potions
 i - 2 potions of mutation
 l - 2 potions of lignification
 n - 4 potions of magic
 w - 4 potions of flight
 P - a potion of cancellation
Comestibles
 f - 19 rations
 k - a chunk of flesh


   Skills:
 + Level 10.3(10.0) Fighting
 + Level 8.0(7.7) Short Blades
 + Level 8.0(7.7) Long Blades
 + Level 9.3(9.0) Axes
 + Level 8.0(7.7) Maces & Flails
 + Level 8.0(7.7) Polearms
 + Level 8.0(7.7) Staves
 + Level 8.0(7.7) Slings
 + Level 8.0(7.7) Bows
 + Level 8.0(7.7) Crossbows
 + Level 8.0(7.7) Throwing
 + Level 10.3(10.0) Armour
 + Level 8.0(7.7) Dodging
 + Level 8.0(7.7) Stealth
 + Level 10.3(10.0) Shields
 + Level 8.0(7.7) Unarmed Combat
 + Level 8.0(7.7) Spellcasting
 + Level 6.6(6.4) Conjurations
 + Level 6.6(6.4) Hexes
 + Level 6.6(6.4) Charms
 + Level 6.6(6.4) Summonings
 + Level 6.6(6.4) Necromancy
 + Level 6.6(6.4) Translocations
 + Level 6.6(6.4) Transmutations
 + Level 6.6(6.4) Fire Magic
 + Level 6.6(6.4) Ice Magic
 + Level 6.6(6.4) Air Magic
 + Level 6.6(6.4) Earth Magic
 + Level 6.6(6.4) Poison Magic
 + Level 8.8(8.5) Invocations
 + Level 8.0(7.7) Evocations


You had 23 spell levels left.
You knew the following spells:

 Your Spells              Type           Power        Failure   Level  Hunger
a - Confuse               Hex            ####....     34%         3    #......
b - Ensorcelled Hibernat  Hex/Ice        ####..       17%         2    None

Your spell library contained the following spells:

 Spells                   Type           Power        Failure   Level  Hunger
 Corona                   Hex            ####...      12%         1    None
 Magic Dart               Conj           ####         12%         1    None
 Searing Ray              Conj           ####..       17%         2    None
 Dazzling Spray           Conj/Hex       ####..       34%         3    #......
 Tukima's Dance           Hex            ####....     34%         3    #......
 Force Lance              Conj/Tloc      ####....     75%         4    ###....
 Fulminant Prism          Conj/Hex       ####......   75%         4    ###....
 Iskenderun's Mystic Bla  Conj           ####....     75%         4    ###....


Dungeon Overview and Level Annotations

Branches:
Dungeon (12/15)            Temple (1/1) D:5            Lair (0/6) D:8
    Orc (2/2) D:9           Sewer (visited)         Volcano (visited)
    Elf: Orc:2

Altars:
Ashenzari
Cheibriados
Dithmenos
Elyvilon
Fedhas
Gozag
Hepliaklqana
Kikubaaqudgha
Makhleb
Nemelex Xobeh
Okawaru
Qazlal
Ru
Sif Muna
Trog
Uskayaw
Vehumet
Wu Jian
Xom
Yredelemnul
Zin
The Shining One
Beogh

Shops:
Orc:2 %??*?

Annotations:
D:12 1 runed translucent door, Gargoyl's ghost, journeyman CeAK; Kirke
Orc:1 1 transporter


Innate Abilities, Weirdness & Mutations

Your experience applies equally to all skills.
You have very sharp teeth.
Your uncanny sense of smell can sniff out nearby items.


Message History

An orc knight comes into view. It is wielding a +0 great sword.
You block the orc warrior's attack. x2; The orc warrior barely misses you.
You hear a shout!
Unknown command.
Unknown command.
Okay, then.
Unknown command.
As you read the scroll labeled KUIREIDOTUM, it crumbles to dust.
This is a scroll of acquirement! [a] Weapon [b] Armour [c] Jewellery [d] Book [e] Staff [f] Evocable [g] Food [h] Gold (you have $804)
What kind of item would you like to acquire? [\] known items Something appears at your feet!
You see here a wand of paralysis (8).
You block the orc warrior's attack.
The orc knight roars a battlecry!
The orcs go into a battle-frenzy!
You block the orc warrior's attack.
The orc warrior hits you but does no damage.
The orc warrior hits you from afar with a +0 halberd!
You die...

##..4. ##. ...
. ##.....o ..
# #...... .o.
##∩#.#o#o#.#.#
∩..o.oo.o..o.
##.#.ooooo.o..
#∩..oo@oo..oo.
##∩#.#o#.#.#.#
#


.oo .. #.... ... ###... ... ##.. .. ### # You could see 3 orc knights, 3 orc
high priests, a hellwing, 11 orc warriors and 7 orc priests.

Vanquished Creatures
  Rupert (D:12)
  A hydra (D:11)
  6 two-headed ogres
  A death yak (D:10)
  An unseen horror (D:12)
  A manticore (D:11)
  2 ugly things
  2 cyclopes
  4 gargoyles
  A komodo dragon (D:11)
  2 trolls
  3 slime creatures
  2 hippogriffs (D:11)
  25 yaks
  A shadow (D:12)
  A wraith (D:10)
  3 hogs (D:12)
  A wyvern (D:9)
  A basilisk (D:12)
  A hungry ghost (D:12)
  2 wargs (Orc:1)
  4 water moccasins
  A soldier ant (D:11)
  A swamp drake (D:10)
  An eye of draining (D:12)
  12 orc warriors
  A hornet zombie (D:8)
  3 black bears
  5 ice beasts
  4 phantoms
  A sky beast (D:12)
  A centaur (D:11)
  12 ogres
  3 wolves
  A boggart (Orc:1)
  A crocodile (D:9)
  3 big kobolds
  7 bullfrogs
  A wyvern zombie (D:10)
  A water moccasin skeleton (D:8)
  A scorpion (D:12)
  12 killer bees
  5 crimson imps
  A lava snake (Volcano)
  2 quasits
  A wyvern simulacrum (D:10)
  2 centaur zombies
  3 jellies
  11 orc wizards
  4 bullfrog skeletons
  18 orc priests
  11 hounds
  2 centaur skeletons
  7 worker ants
  5 iguanas
  A centaur simulacrum (D:10)
  3 worker ant zombies (D:10)
  6 gnolls
  13 adders
  A hound simulacrum (D:10)
  4 river rats (Sewer)
  4 shadow imps
  3 white imps (D:10)
  2 ufetubi (D:10)
  6 oozes
  2 worms
  3 dart slugs
  6 leopard geckos
  72 orcs
  8 giant cockroaches
  4 hobgoblins
  20 jackals
  14 kobolds
  4 quokkas
  A ball python (D:4)
  6 bats
  4 frilled lizards
  7 goblins
  2 leopard gecko skeletons
  A leopard gecko zombie (D:6)
  12 rats
419 creatures vanquished.

Vanquished Creatures (others)
  A cyclops (Orc:2)
  A goblin (D:3)
  A fungus (D:6)
  9 toadstools (D:6)
12 creatures vanquished.

Grand Total: 431 creatures vanquished

Notes
Turn   | Place    | Note
-------+----------+-------------------------------------------
     0 | D:1      | MordorOrchid the Gnoll Fighter began the quest for the Orb.
     0 | D:1      | Reached XP level 1. HP: 23/23 MP: 1/1
    45 | D:1      | Reached XP level 2. HP: 28/29 MP: 2/2
   408 | D:1      | Reached XP level 3. HP: 35/35 MP: 3/3
   640 | D:2      | Reached skill level 1 in Invocations
   695 | D:2      | Reached skill level 1 in Short Blades
   695 | D:2      | Reached skill level 1 in Long Blades
   695 | D:2      | Reached skill level 1 in Maces & Flails
   695 | D:2      | Reached skill level 1 in Polearms
   695 | D:2      | Reached skill level 1 in Staves
   695 | D:2      | Reached skill level 1 in Slings
   695 | D:2      | Reached skill level 1 in Bows
   695 | D:2      | Reached skill level 1 in Crossbows
   695 | D:2      | Reached skill level 1 in Throwing
   695 | D:2      | Reached skill level 1 in Dodging
   695 | D:2      | Reached skill level 1 in Stealth
   695 | D:2      | Reached skill level 1 in Unarmed Combat
   695 | D:2      | Reached skill level 1 in Spellcasting
   695 | D:2      | Reached skill level 1 in Evocations
   755 | D:2      | Reached XP level 4. HP: 37/41 MP: 5/5
  1090 | D:3      | Found a glowing drain.
  1096 | D:3      | Reached skill level 1 in Conjurations
  1096 | D:3      | Reached skill level 1 in Hexes
  1096 | D:3      | Reached skill level 1 in Charms
  1096 | D:3      | Reached skill level 1 in Summonings
  1096 | D:3      | Reached skill level 1 in Necromancy
  1096 | D:3      | Reached skill level 1 in Translocations
  1096 | D:3      | Reached skill level 1 in Transmutations
  1096 | D:3      | Reached skill level 1 in Fire Magic
  1096 | D:3      | Reached skill level 1 in Ice Magic
  1096 | D:3      | Reached skill level 1 in Air Magic
  1096 | D:3      | Reached skill level 1 in Earth Magic
  1096 | D:3      | Reached skill level 1 in Poison Magic
  1108 | Sewer    | Entered a sewer
  1119 | Sewer    | Reached XP level 5. HP: 38/47 MP: 6/6
  1166 | Sewer    | Noticed a big kobold
  1184 | Sewer    | Killed a big kobold
  1204 | Sewer    | Found a white marble altar of Elyvilon.
  1328 | D:3      | Reached XP level 6. HP: 52/53 MP: 8/8
  1521 | D:3      | Reached skill level 5 in Axes
  1651 | D:4      | Reached XP level 7. HP: 33/59 MP: 10/10
  2203 | D:5      | Entered Level 5 of the Dungeon
  2215 | D:5      | Found a staircase to the Ecumenical Temple.
  2246 | Temple   | Entered the Ecumenical Temple
  2288 | Temple   | Became a worshipper of Uskayaw the Reveler
  2341 | D:5      | Reached * piety under Uskayaw
  2343 | D:5      | Reached ** piety under Uskayaw
  2381 | D:5      | Got a faintly glowing robe
  2423 | D:5      | Got a crude chain mail
  2434 | D:5      | Identified the +6 chain mail "Riodwa Afiu" {rElec rC+} (You
                  | found it on level 5 of the Dungeon)
  2582 | D:6      | Reached *** piety under Uskayaw
  2591 | D:6      | Reached **** piety under Uskayaw
  2643 | D:6      | Reached XP level 8. HP: 67/67 MP: 12/12
  2671 | D:6      | Reached ***** piety under Uskayaw
  2900 | D:6      | Noticed a slime creature
  2900 | D:6      | Noticed a slime creature
  2900 | D:6      | Noticed a slime creature
  2974 | D:5      | Killed a slime creature
  3183 | D:5      | Killed a slime creature
  3232 | D:6      | Reached XP level 9. HP: 53/72 MP: 14/14
  4201 | D:8      | Noticed a troll
  4207 | D:8      | Killed a troll
  4272 | D:8      | Reached skill level 5 in Invocations
  4287 | D:8      | Found a staircase to the Lair.
  4424 | D:8      | Reached XP level 10. HP: 72/80 MP: 15/17
  4485 | D:8      | Noticed a two-headed ogre
  4492 | D:8      | Killed a two-headed ogre
  4492 | D:8      | Reached skill level 5 in Short Blades
  4492 | D:8      | Reached skill level 5 in Long Blades
  4492 | D:8      | Reached skill level 5 in Maces & Flails
  4492 | D:8      | Reached skill level 5 in Polearms
  4492 | D:8      | Reached skill level 5 in Staves
  4492 | D:8      | Reached skill level 5 in Slings
  4492 | D:8      | Reached skill level 5 in Bows
  4492 | D:8      | Reached skill level 5 in Crossbows
  4492 | D:8      | Reached skill level 5 in Throwing
  4492 | D:8      | Reached skill level 5 in Dodging
  4492 | D:8      | Reached skill level 5 in Stealth
  4492 | D:8      | Reached skill level 5 in Unarmed Combat
  4492 | D:8      | Reached skill level 5 in Spellcasting
  4492 | D:8      | Reached skill level 5 in Evocations
  4710 | D:9      | Found a blossoming altar of Fedhas.
  4771 | D:9      | Noticed a two-headed ogre
  4777 | D:9      | Killed a two-headed ogre
  4914 | D:9      | Found a white marble altar of Elyvilon.
  5000 | D:9      | Noticed a two-headed ogre
  5018 | D:9      | Killed a two-headed ogre
  5191 | D:9      | Noticed a two-headed ogre
  5200 | D:9      | Killed a two-headed ogre
  5200 | D:9      | Reached XP level 11. HP: 65/87 MP: 19/19
  5309 | D:9      | Reached skill level 5 in Conjurations
  5309 | D:9      | Reached skill level 5 in Hexes
  5309 | D:9      | Reached skill level 5 in Charms
  5309 | D:9      | Reached skill level 5 in Summonings
  5309 | D:9      | Reached skill level 5 in Necromancy
  5309 | D:9      | Reached skill level 5 in Translocations
  5309 | D:9      | Reached skill level 5 in Transmutations
  5309 | D:9      | Reached skill level 5 in Fire Magic
  5309 | D:9      | Reached skill level 5 in Ice Magic
  5309 | D:9      | Reached skill level 5 in Air Magic
  5309 | D:9      | Reached skill level 5 in Earth Magic
  5309 | D:9      | Reached skill level 5 in Poison Magic
  5532 | D:10     | Entered Level 10 of the Dungeon
  6137 | D:10     | Noticed a death yak
  6148 | D:10     | Killed a death yak
  6417 | D:11     | Noticed an eight-headed hydra
  6448 | D:11     | Noticed a two-headed ogre
  6555 | D:11     | Reached ****** piety under Uskayaw
  6664 | D:11     | Reached XP level 12. HP: 46/96 MP: 22/22
  6670 | D:11     | Learned a level 3 spell: Confuse
  6734 | D:11     | Noticed an eight-headed hydra
  6780 | D:11     | Killed a nine-headed hydra
  7406 | D:11     | Killed a two-headed ogre
  7651 | D:12     | Noticed Rupert
  7689 | D:12     | Killed Rupert
  8002 | D:12     | Noticed Psyche
  8004 | D:12     | Noticed Psyche
  8004 | D:12     | Psyche changed into Psyche the basilisk
  8012 | D:12     | Killed Psyche the basilisk
  8066 | D:12     | Found a runed translucent door.
  8066 | D:12     | Found a shimmering altar of Xom.
  8066 | D:12     | Noticed Gargoyl's ghost (journeyman CeAK)
  8134 | D:12     | Noticed Kirke
  8135 | D:12     | Reached skill level 10 in Fighting
  8135 | D:12     | Reached skill level 10 in Armour
  8135 | D:12     | Reached skill level 10 in Shields
  8152 | D:12     | HP: 1/97 [lindwurm[Kirke] (6)]
  8885 | D:12     | Reached XP level 13. HP: 99/103 MP: 22/24
  9602 | D:9      | Found a staircase to the Orcish Mines.
  9607 | Orc:1    | Entered Level 1 of the Orcish Mines
 10312 | Orc:1    | Noticed an ettin
 10313 | Orc:1    | Found a roughly hewn altar of Beogh.
 10313 | Orc:1    | Found a transporter.
 10372 | Orc:1    | Noticed an ettin
 10455 | Orc:2    | Entered Level 2 of the Orcish Mines
 10458 | Orc:2    | Found Daifaar's Magic Scroll Shoppe.
 10633 | Orc:2    | Found a roughly hewn altar of Beogh.
 10638 | Orc:2    | Bought a scroll of immolation for 56 gold pieces
 10638 | Orc:2    | Bought a scroll of teleportation for 48 gold pieces
 10695 | Orc:2    | Learned a level 2 spell: Ensorcelled Hibernation
 10715 | Orc:2    | Found a dark tunnel.
 10720 | Volcano  | Entered a volcano
 10847 | Orc:2    | Found Qoceizuw's Magic Scroll Shop.
 10847 | Orc:2    | Found Qeaq's Assorted Antiques.
 10847 | Orc:2    | Found Cuhicoiq's Food Boutique.
 10847 | Orc:2    | Found Ocuwode's Magic Scroll Boutique.
 10849 | Orc:2    | Identified a scroll of acquirement
 10849 | Orc:2    | Slain by an orc warrior

Levels and vault maps discovered:
D:1:      psy_arrival_radial02, layout_basic, minmay_tetromino_o4
D:2:      layout_rooms, first_ration
D:3:      layout_loops_corners, gup_sewer_entry_glass
D:4:      layout_loops_cross
D:5:      layout_rooms, minmay_temple_entry_gardened_gates, corexii_checkpoint_a
D:6:      cheibrodos_fertilizer, layout_basic
D:7:      layout_layer_cave
D:8:      layout_basic, erik_lair_island
D:9:      layout_roguey, elyvilon_altar_4, orc_0_dummy, fedhas_altar_3
D:10:     layout_stronghold, serial_ice, serial_ice_b, serial_ice_j,
          serial_ice_h, serial_ice_m, serial_ice_f, grunt_pizzeria
D:11:     layout_loops_ring
D:12:     layout_basic, ebering_ghost_xom, uniq_rupert, uniq_psyche, uniq_kirke
Temple:   kilobyte_greek_temple
Orc:1:    gammafunk_beogh_shrine, layout_diamond_mine
Orc:2:    st_orc_pillars, layout_caves, serial_shops, shop, enter_volcano_1,
          mines2_david

Skill      XL: |  1  2  3  4  5  6  7  8  9 10 11 12 13 |
---------------+----------------------------------------+-----
Invocations    | 1 2 3 4 5 6 7 8 |  8.8
Short Blades   | 1 2 3 4 5 6 7 8 |  8.0
Long Blades    | 1 2 3 4 5 6 7 8 |  8.0
Maces & Flails | 1 2 3 4 5 6 7 8 |  8.0
Polearms       | 1 2 3 4 5 6 7 8 |  8.0
Staves         | 1 2 3 4 5 6 7 8 |  8.0
Slings         | 1 2 3 4 5 6 7 8 |  8.0
Bows           | 1 2 3 4 5 6 7 8 |  8.0
Crossbows      | 1 2 3 4 5 6 7 8 |  8.0
Throwing       | 1 2 3 4 5 6 7 8 |  8.0
Dodging        | 1 2 3 4 5 6 7 8 |  8.0
Stealth        | 1 2 3 4 5 6 7 8 |  8.0
Unarmed Combat | 1 2 3 4 5 6 7 8 |  8.0
Spellcasting   | 1 2 3 4 5 6 7 8 |  8.0
Evocations     | 1 2 3 4 5 6 7 8 |  8.0
Conjurations   | 1 2 3 4 5 6 |  6.6
Hexes          | 1 2 3 4 5 6 |  6.6
Charms         | 1 2 3 4 5 6 |  6.6
Summonings     | 1 2 3 4 5 6 |  6.6
Necromancy     | 1 2 3 4 5 6 |  6.6
Translocations | 1 2 3 4 5 6 |  6.6
Transmutations | 1 2 3 4 5 6 |  6.6
Fire Magic     | 1 2 3 4 5 6 |  6.6
Ice Magic      | 1 2 3 4 5 6 |  6.6
Air Magic      | 1 2 3 4 5 6 |  6.6
Earth Magic    | 1 2 3 4 5 6 |  6.6
Poison Magic   | 1 2 3 4 5 6 |  6.6
Axes           | 5 6 7 8 9 |  9.3
Fighting       | 7 8 9 10 | 10.3
Armour         | 7 8 9 10 | 10.3
Shields        | 7 8 9 10 | 10.3

Action                   |  1- 3 |  4- 6 |  7- 9 | 10-12 | 13-15 || total
-------------------------+-------+-------+-------+-------+-------++-------
Melee: War axe           |   106 |   115 |   331 |   728 |   205 ||  1485
       Bite              |    12 |    16 |    42 |   117 |    35 ||   222
       Flail             |       |       |     5 |    45 |       ||    50
       Falchion          |       |       |       |    17 |       ||    17
       Dagger            |       |       |       |     6 |       ||     6
       Unarmed           |       |       |       |     4 |       ||     4
 Fire: Hunting sling     |       |       |     4 |    33 |       ||    37
Throw: Dart              |       |       |    20 |     9 |       ||    29
       Boomerang         |       |       |       |       |    29 ||    29
 Cast: Confuse           |       |       |       |    19 |     4 ||    23
Invok: Line Pass         |       |       |     2 |     2 |       ||     4
       Stomp             |       |       |       |       |     7 ||     7
Evoke: Wand              |       |       |     8 |    15 |     1 ||    24
  Use: Scroll            |       |    10 |     8 |    13 |     3 ||    34
       Potion            |       |     3 |     3 |    15 |     2 ||    23
 Stab: Distracted        |       |     1 |       |       |       ||     1
       Paralysed         |       |       |    15 |    48 |    14 ||    77
       Confused          |       |       |       |    17 |       ||    17
  Eat: Chunk             |       |     3 |    11 |    20 |     9 ||    43
Armor: Scale mail        |    30 |    26 |     8 |       |       ||    64
       Chain mail        |       |       |    98 |   199 |    74 ||   371
       Skin              |       |       |       |     4 |       ||     4
Dodge: Dodged            |    24 |    26 |    58 |   166 |    48 ||   322
Block: Shield            |    95 |   104 |    21 |   615 |   211 ||  1046
       Reflection        |     6 |     6 |     2 |    14 |     4 ||    32
       Large shield      |       |       |   345 |    15 |       ||   360
       Other             |       |       |       |     4 |       ||     4
       Rpst.: Falchion   |       |       |       |     1 |       ||     1

Table legend:
 A = Non-vault XP
 B = Vault XP
 C = Vault XP percentage of total XP
 D = Non-vault monster count
 E = Vault monster count
 F = Vault count percentage of total count
                 A         B        C        D         E       F
            +---------+---------+-------+---------+---------+-------
      Total |   30410 |    7790 |  20.4 |     337 |      84 |  20.0
            +---------+---------+-------+---------+---------+-------
        D:1 |      44 |       4 |   8.3 |      23 |       3 |  11.5
        D:2 |      42 |       0 |   0.0 |      15 |       0 |   0.0
        D:3 |     201 |      54 |  21.2 |      21 |       4 |  16.0
        D:4 |     398 |       0 |   0.0 |      20 |       0 |   0.0
        D:5 |     630 |       4 |   0.6 |      11 |       2 |  15.4
        D:6 |     580 |     579 |  50.0 |      19 |      13 |  40.6
        D:7 |     484 |       0 |   0.0 |      22 |       0 |   0.0
        D:8 |    1831 |     700 |  27.7 |      18 |       7 |  28.0
        D:9 |    7947 |       0 |   0.0 |      42 |       0 |   0.0
       D:10 |    3125 |    2065 |  39.8 |      28 |      16 |  36.4
       D:11 |    7179 |       0 |   0.0 |      38 |       0 |   0.0
       D:12 |    4579 |    3746 |  45.0 |      24 |       5 |  17.2
      Orc:1 |    2264 |       9 |   0.4 |      40 |       3 |   7.0
      Orc:2 |    1106 |     420 |  27.5 |      16 |      17 |  51.5
      Sewer |       0 |     162 | 100.0 |       0 |      13 | 100.0
    Volcano |       0 |      47 | 100.0 |       0 |       1 | 100.0
            +---------+---------+-------+---------+---------+-------
